Map: [ESL] Moondance

Players

Probe - Winner!

  • Race: Protoss Protoss
  • Spawn Location: 6:00

Seither

  • Race: Terran Terran
  • Spawn Location: 12:00

Event: DreamHack SC2 Masters 2022 Atlanta (Online)

VOD

Have the link to the VOD?

Description

Time

  • Played on: Sept. 28, 2022, 6:23 a.m.
  • Length: 17:52

All games in this series

Show
View Real Time Build Order
Export as new Build Order

Probe Protoss - Winner!

Build Orders: 1 Gate Expand 

Get SALT Encoding   

  12  0:00  Probe  
  13  0:12  Probe  
  14  0:17  Pylon  
  14  0:24  Probe (Chrono Boost)  
  16  0:36  Probe (Chrono Boost)  
  16  0:37  Gateway  
  16  0:43  Probe (Chrono Boost)  
  16  0:46  Assimilator  
  17  0:51  Probe  
  18  1:03  Probe  
  19  1:15  Probe  
  20  1:23  Nexus  
  20  1:32  Cybernetics Core  
  20  1:35  Probe  
  21  1:45  Assimilator  
  21  1:47  Probe  
  21  1:51  Pylon  
  22  2:00  Probe  
  23  2:07  Stalker (Chrono Boost)  
  23  2:09  Warp Gate  
  23  2:12  Probe  
  26  2:24  Probe  
  27  2:30  Stalker (Chrono Boost)  
  27  2:36  Shield Battery, Probe x2  
  31  2:43  Robotics Facility  
  31  2:48  Probe x2  
  33  2:57  Stalker (Chrono Boost)  
  35  3:00  Probe x2  
  37  3:12  Probe  
  38  3:14  Gateway  
  38  3:16  Probe  
  38  3:17  Gateway  
  39  3:22  Pylon  
  39  3:24  Probe  
  40  3:28  Probe  
  40  3:30  Observer (Chrono Boost)  
  42  3:36  Probe  
  42  3:40  Probe  
  44  3:43  Observer (Chrono Boost)  
  44  3:47  Pylon  
  45  3:48  Probe  
  45  3:52  Probe  
  47  3:55  Assimilator  
  47  3:57  Assimilator, Stalker  
  47  4:01  Probe  
  50  4:04  Warp Prism (Chrono Boost)  
  50  4:05  Probe  
  53  4:13  Probe  
  53  4:17  Probe, Stalker  
  57  4:25  Probe  
  57  4:28  Twilight Council  
  57  4:30  Forge  
  59  4:35  Immortal (Chrono Boost)  
  62  4:38  Pylon  
  62  4:51  Shield Battery  
  62  4:54  Protoss Ground Weapons Level 1  
  62  4:56  Probe  
  62  4:58  Gateway  
  63  5:01  Charge (Chrono Boost), Gateway  
  63  5:08  Templar Archives, Probe  
  63  5:12  Immortal  
  68  5:25  Pylon, Psionic Storm  
  68  5:31  Sentry  
  68  5:35  Nexus  
  70  5:38  Pylon  
  70  5:51  Probe, Pylon  
  71  5:57  High Templar  
  71  5:58  Zealot x2  
  71  5:59  Zealot x2  
  71  6:00  Probe  
  71  6:03  Probe  
  83  6:08  Pylon  
  83  6:12  Probe  
  83  6:15  Probe  
  83  6:16  Shield Battery  
  85  6:19  High Templar  
  85  6:22  Zealot x2, Photon Cannon  
  91  6:28  Probe, Pylon  
  91  6:30  High Templar  
  94  6:33  Zealot  
  94  6:36  Probe  
  97  6:44  Zealot  
  97  6:45  Zealot, Probe  
  102  6:57  Probe  
  99  7:05  Probe x2  
  99  7:07  Observer  
  99  7:10  High Templar x3  
  99  7:13  Probe  
  99  7:14  Zealot  
  99  7:15  Zealot  
  110  7:17  Probe x2  
  110  7:19  Forge, Gateway  
  110  7:21  Gateway  
  115  7:33  Gateway, Protoss Ground Weapons Level 2 (Chrono Boost), Pylon  
  115  7:34  Pylon  
  112  7:47  Nexus  
  112  7:48  Zealot x4  
  116  8:04  Observer  
  80  8:08  Zealot, High Templar  
  80  8:09  Zealot x3  
  80  8:10  Probe, Protoss Ground Armor Level 1 (Chrono Boost)  
  81  8:17  Robotics Bay  
  81  8:20  High Templar  
  81  8:21  Zealot, Robotics Facility  
  81  8:23  Probe x2, Pylon  
  81  8:25  Assimilator  
  87  8:37  Probe x2, Stalker  
  87  8:38  Stalker x2  
  87  8:40  Zealot x2  
  87  8:41  Zealot  
  101  8:50  Cybernetics Core  
  101  8:53  Stalker  
  101  8:54  Stalker  
  105  8:56  Probe, Pylon  
  105  9:01  Probe x3  
  109  9:09  Zealot, Photon Cannon  
  111  9:10  Zealot x3  
  117  9:19  Colossus (Chrono Boost)  
  117  9:21  Probe  
  124  9:28  Colossus (Chrono Boost)  
  129  9:31  Zealot x2  
  129  9:34  Probe  
  131  9:39  Zealot x2  
  131  9:45  Probe  
  132  9:46  Zealot x2  
  132  9:49  Probe  
  132  9:50  Probe  
  132  9:51  Stalker  
  140  9:56  Colossus  
  140  9:59  Stalker x3  
  146  10:02  Protoss Ground Weapons Level 3 (Chrono Boost)  
  152  10:10  Sentry  
  152  10:13  Zealot  
  156  10:16  Stalker  
  156  10:17  Probe  
  159  10:23  Zealot x2  
  159  10:24  Probe  
  159  10:27  Pylon  
  164  10:29  Extended Thermal Lance (Chrono Boost), Pylon x2  
  162  10:36  Zealot  
  163  10:49  Zealot x2  
  167  10:50  Zealot x4  
  167  10:51  Probe  
  167  10:55  Probe  
  171  10:57  Probe  
  171  11:00  Probe, Blink (Chrono Boost)  
  167  11:05  Probe  
  167  11:06  Stalker  
  167  11:08  Probe  
  167  11:10  Probe  
  169  11:12  Probe  
  169  11:17  Probe  
  167  11:20  Probe, Photon Cannon  
  167  11:23  Shield Battery  
  174  11:26  Immortal (Chrono Boost)  
  174  11:27  Immortal (Chrono Boost)  
  176  11:32  Nexus  
  176  11:33  Protoss Ground Armor Level 2 (Chrono Boost)  
  176  11:35  Photon Cannon  
  176  11:36  Probe x2  
  178  11:47  Dark Shrine  
  178  11:49  Probe x2, Assimilator x2  
  178  11:51  Pylon  
  180  12:09  Disruptor (Chrono Boost), Probe  
  187  12:16  Disruptor (Chrono Boost)  
  187  12:17  Photon Cannon  
  187  12:20  Shield Battery  
  185  12:25  Robotics Facility  
  183  12:35  Stalker x2  
  187  12:42  Pylon  
  187  12:44  Disruptor, Photon Cannon  
  187  12:45  Disruptor  
  187  12:48  Zealot x3  
  199  12:51  Nexus  
  199  12:57  Gravitic Boosters (Chrono Boost)  
  199  12:59  Shadow Stride (Chrono Boost)  
  199  13:04  Assimilator  
  199  13:06  Assimilator  
  189  13:20  Observer  
  189  13:21  Observer  
  179  13:27  Stalker x7  
  179  13:32  Gateway  
  193  13:37  Gateway  
  193  13:40  Gateway  
  193  13:41  Gateway  
  193  13:43  Gateway  
  193  13:44  Gateway  
  193  13:45  Gateway  
  193  13:47  Gravitic Drive, Pylon  
  193  13:56  Observer x2  
  195  14:09  Stalker x2  
  199  14:23  Photon Cannon  
  199  14:24  Photon Cannon  
  199  14:26  Photon Cannon  
  199  14:29  Shield Battery  
  199  14:30  Shield Battery  
  195  14:36  Dark Templar x2  
  199  14:39  Protoss Shields Level 1 (Chrono Boost), Protoss Ground Armor Level 3 (Chrono Boost)  
  191  15:00  Disruptor (Chrono Boost)  
  191  15:01  Disruptor (Chrono Boost)  
  175  15:07  Disruptor (Chrono Boost)  
  178  15:17  Stargate  
  178  15:21  Dark Templar x7  
  178  15:23  Zealot  
  178  15:24  Zealot x3  
  200  15:29  Protoss Air Weapons Level 1  
  174  15:35  Disruptor  
  174  15:42  Stalker x3  
  159  15:50  Disruptor x2  
  159  15:55  Stalker x6  
  159  15:56  Stalker x5  
  187  16:05  Assimilator  
  187  16:06  Fleet Beacon  
  187  16:07  Stargate, Assimilator  
  187  16:16  Disruptor  
  174  16:42  Stalker x11  
  174  16:43  Stalker x2  
  194  17:10  Stargate  
  194  17:12  Stargate  
  194  17:14  Zealot x2  
  194  17:15  Zealot x2  
Show
View Real Time Build Order
Export as new Build Order

Seither Terran 

Build Orders: Cyclone Opening 

Get SALT Encoding   

  12  0:00  SCV  
  13  0:12  SCV  
  14  0:17  Supply Depot  
  14  0:24  SCV  
  15  0:39  SCV, Barracks  
  16  0:44  Refinery  
  16  0:51  SCV  
  16  0:53  Refinery  
  17  1:03  SCV  
  18  1:15  SCV  
  18  1:17  Supply Depot  
  19  1:28  Reaper, Orbital Command  
  20  1:42  Factory  
  20  1:54  SCV  
  20  2:01  Barracks Reactor  
  21  2:06  SCV  
  22  2:18  SCV  
  23  2:24  Command Center  
  23  2:27  Factory Tech Lab  
  23  2:30  SCV  
  24  2:40  Barracks  
  24  2:41  Marine x2  
  26  2:45  SCV  
  27  2:51  Cyclone  
  27  2:57  Supply Depot  
  30  3:03  SCV  
  31  3:19  SCV  
  32  3:23  Marine x2  
  32  3:26  Siege Tank  
  37  3:27  Barracks Tech Lab  
  37  3:31  SCV  
  38  3:35  Barracks  
  38  3:40  Orbital Command  
  38  3:47  Marine  
  38  3:48  Marine x2  
  41  3:50  SCV  
  41  3:55  Stimpack  
  42  4:02  SCV  
  43  4:04  Siege Tank  
  46  4:11  SCV  
  46  4:14  SCV, Marine x3  
  51  4:21  Supply Depot  
  51  4:27  SCV x2  
  51  4:30  Supply Depot  
  53  4:32  Marine  
  54  4:43  Marine x2  
  54  4:45  SCV, Starport  
  56  4:46  SCV  
  56  4:48  Supply Depot  
  56  4:51  Factory Reactor  
  56  4:52  Combat Shield  
  58  4:53  Marine  
  58  4:57  Engineering Bay  
  58  4:58  SCV x2  
  58  4:59  Marine  
  62  5:07  Refinery  
  62  5:10  SCV x2, Marine x2  
  62  5:11  Supply Depot  
  65  5:22  SCV x2  
  65  5:23  Terran Infantry Weapons Level 1, Marine  
  65  5:27  Supply Depot  
  68  5:34  SCV x2  
  70  5:36  Marauder x2, Marine  
  70  5:37  Medivac  
  70  5:40  Medivac, Marine  
  80  5:44  Refinery  
  80  5:46  SCV x2, Factory Tech Lab  
  82  5:52  Supply Depot  
  82  5:57  Supply Depot  
  82  6:00  SCV x2  
  83  6:04  Marine x2  
  83  6:05  Marauder x2  
  89  6:12  SCV x2  
  91  6:18  Supply Depot  
  91  6:19  Medivac x2  
  91  6:20  Supply Depot, Concussive Shells  
  91  6:24  SCV x2  
  97  6:28  Siege Tank  
  97  6:30  Marine x2  
  102  6:34  Marauder  
  102  6:35  Marauder  
  106  6:42  Supply Depot x2  
  106  6:45  SCV x2  
  108  6:47  Marine  
  108  6:48  Marine  
  110  6:56  Marauder x2  
  114  7:07  Marine x2  
  102  7:12  Command Center  
  92  7:16  SCV x2  
  92  7:17  Marauder x2  
  92  7:19  Siege Tank  
  101  7:24  Supply Depot  
  101  7:25  Supply Depot, Terran Infantry Armor Level 1  
  101  7:27  Marine x2  
  103  7:30  Medivac x2  
  103  7:35  SCV x2  
  109  7:40  Missile Turret  
  109  7:41  Marauder x2  
  113  7:46  Missile Turret  
  113  7:47  SCV x2  
  113  7:48  Missile Turret  
  115  7:51  Marine x2  
  117  8:05  Marauder x2  
  98  8:09  Marine x2  
  95  8:13  SCV x2  
  95  8:17  Medivac x2, Siege Tank  
  104  8:25  Marine, Orbital Command  
  105  8:27  Marauder  
  105  8:28  SCV x2  
  105  8:31  Marine x2  
  111  8:38  Supply Depot  
  111  8:40  SCV x2  
  113  8:52  SCV x2, Medivac x2  
  113  8:53  Barracks  
  113  8:54  Barracks  
  119  9:00  Marauder x2, Marine x2  
  125  9:03  Ghost Academy, SCV  
  125  9:04  SCV x2  
  128  9:11  Siege Tank  
  128  9:15  SCV  
  128  9:16  Supply Depot, Refinery, SCV x2  
  133  9:28  Marauder x2, Marine x2  
  136  9:49  Barracks Reactor  
  136  9:50  Medivac x2, Barracks Tech Lab  
  137  9:58  Ghost x2  
  137  9:59  Marine x2  
  143  10:00  SCV x2  
  143  10:02  Supply Depot  
  145  10:10  Starport  
  145  10:12  Factory Reactor, Ghost  
  145  10:13  Enhanced Shockwaves  
  145  10:14  Command Center, SCV x3  
  150  10:31  Marine, Ghost x2  
  150  10:32  Marine  
  148  10:51  Marine, Ghost  
  148  10:52  Marine  
  129  10:59  Ghost  
  128  11:07  Ghost  
  128  11:08  Marine x2  
  119  11:19  Ghost  
  120  11:27  Marine x4  
  120  11:29  Viking x2  
  120  11:32  Planetary Fortress  
  125  11:33  Refinery  
  125  11:37  Refinery, Barracks  
  125  11:38  Barracks  
  125  11:39  Missile Turret  
  125  11:40  Barracks  
  125  11:42  Marauder x2  
  125  11:44  Viking  
  125  11:46  SCV x2  
  133  11:47  Viking  
  133  11:49  Marauder  
  137  11:56  SCV  
  137  11:58  SCV x2, Missile Turret, Sensor Tower  
  137  12:00  Marine x4  
  144  12:14  Armory  
  144  12:16  Marauder  
  144  12:17  Marauder x2  
  144  12:19  Engineering Bay  
  148  12:33  Viking x3  
  148  12:34  Barracks Reactor  
  148  12:35  Barracks Tech Lab, Marauder, Marine x2  
  158  12:38  Marauder  
  158  12:40  Missile Turret  
  158  12:42  SCV x3  
  158  12:43  Missile Turret  
  163  12:46  Command Center  
  163  12:49  Missile Turret  
  163  12:55  Marine  
  163  12:56  Marauder, Marine x3  
  167  13:08  Liberator x2  
  167  13:09  Liberator x2  
  175  13:27  Marauder x4, Marine x4  
  175  13:28  Terran Infantry Armor Level 2, Terran Infantry Weapons Level 2  
  185  13:47  Fusion Core  
  185  13:51  Medivac x2  
  185  13:54  Terran Ship Weapons Level 1  
  189  13:55  Sensor Tower  
  189  13:57  Marine x2  
  189  13:58  Marine  
  191  14:04  Command Center  
  191  14:08  Command Center  
  191  14:14  Marauder, Marine x2  
  191  14:15  Marauder  
  177  14:22  Marauder x3, Marine x4  
  177  14:25  Planetary Fortress  
  177  14:28  Liberator x2, Missile Turret  
  183  14:32  Marine  
  183  14:34  Marine  
  183  14:36  Marauder x2  
  189  14:39  Advanced Ballistics, Marine x2  
  191  14:52  Liberator x2  
  190  15:09  Marine  
  190  15:10  Marauder x2, Marine x2  
  190  15:11  Marauder  
  199  15:16  Refinery x2  
  199  15:18  Orbital Command  
  199  15:20  Orbital Command  
  196  15:35  Liberator, Marauder x2, Marine x2  
  141  15:47  Marine x3  
  141  15:48  Marauder x3, Marine  
  128  15:50  Liberator  
  128  15:53  Marine x2  
  137  15:57  Marauder x2  
  137  16:04  Sensor Tower  
  137  16:05  Liberator x2, Marine x3  
  137  16:06  Marine  
  137  16:09  Marauder x2, Marine  
  152  16:26  Ghost x2  
  137  16:36  Marauder, Marine x3  
  137  16:37  Marauder x2  
  122  16:48  Marine x3  
  122  16:54  Marine x2  
  123  16:56  Marauder x2  
  123  16:58  Marauder x3  
  124  17:04  Marine  
  124  17:06  Marine x2  
  127  17:14  Sensor Tower  
  127  17:16  SCV x3  
  127  17:17  Marauder x2  
Tags
 
Add a new tag
Caveats
  • Supply blocks, unpowered buildings, or Contaminate may cause inaccurate times.
  • Supply counts are checked every 10 seconds.